 Dungeon Crawl Stone Soup version 0.23.0 (webtiles) character file.

Game seed: 592338169790147863

253 Lanoc the Shield-Bearer (level 6, -3/48 HPs)
             Began as a Formicid Fighter on Feb 12, 2019.
             Slain by a water moccasin (4 damage)
             ... on level 4 of the Dungeon.
             The game lasted 00:06:12 (2776 turns).

Lanoc the Shield-Bearer (Formicid Fighter)          Turns: 2776, Time: 00:06:13

Health: -3/48      AC:  7    Str: 21    XL:     6   Next: 37%
Magic:  6/6        EV:  9    Int:  8    God:
Gold:   143        SH: 10    Dex: 11    Spells: 5/5 levels left

rFire    . . .     SeeInvis +   a - +0 long sword
rCold    . . .     Gourm    .   c - +0 shield
rNeg     . . .     Faith    .   b - +0 scale mail
rPois    .         Spirit   .   (helmet unavailable)
rElec    .         Reflect  .   (no cloak)
rCorr    .         Harm     .   (no gloves)
MR       .....                  (no boots)
Stlth    ..........             n - amulet of inaccuracy (curse)
HPRegen  0.16/turn              (no ring)
MPRegen  0.10/turn              (no ring)

@: lethally poisoned (-3 -> -14)
A: permanent stasis, dig shafts and tunnels, four strong arms, antennae 3
a: Dig, Shaft Self


You were on level 4 of the Dungeon.
You were hungry.

You visited 1 branch of the dungeon, and saw 4 of its levels.

You collected 143 gold pieces.

Inventory:

Hand Weapons
 a - a +0 long sword (weapon)
Missiles
 m - 37 bolts
Armour
 b - a +0 scale mail (worn)
 c - a +0 shield (worn)
Jewellery
 n - a cursed amulet of inaccuracy (around neck)
Scrolls
 d - 2 scrolls of identify
 g - a scroll of immolation
 i - a scroll of remove curse
Potions
 k - 2 potions of flight
Comestibles
 f - 5 rations


   Skills:
 + Level 4.1 Fighting
 * Level 4.0 Long Blades
 + Level 4.1 Armour
 + Level 1.9 Dodging
 + Level 4.6 Shields


You had 5 spell levels left.
You didn't know any spells.
Your spell library was empty.

Dungeon Overview and Level Annotations

Branches:
Dungeon (4/15)
 Temple: D:4-7

Altars:
Hepliaklqana
Xom

Shops:
D:4 [=%

Annotations:
D:3 Robin, Sigmund


Innate Abilities, Weirdness & Mutations

You cannot be hasted, slowed, berserked, paralysed or teleported.
You can dig through walls and to a lower floor.
Your four strong arms can wield two-handed weapons with a shield.
You have a pair of large antennae on your head. (SInv)


Message History

You barely miss the water moccasin.
You feel sick.
The water moccasin completely misses you.
You barely miss the water moccasin.
* * * LOW HITPOINT WARNING * * *
You feel sick. You block the water moccasin's attack.
The water moccasin bites you but does no damage.
You closely miss the water moccasin.
* * * LOW HITPOINT WARNING * * *
You feel sick. You block the water moccasin's attack.
The water moccasin bites you!
* * * LOW HITPOINT WARNING * * *
You miss the water moccasin.
* * * LOW HITPOINT WARNING * * *
You feel sick.
The water moccasin bites you but does no damage.
You block the water moccasin's attack.
You miss the water moccasin.
* * * LOW HITPOINT WARNING * * *
You feel sick. The water moccasin bites you.
You die...

#.## ## ###.# #.
######...# ##.
#......#.## #..
...#####.##.##
### #......## #
#.......##
#..###...# ###
#..# +..@###.....
#..# #..#S.......
#......##........
#......##........
##########.......
....... #......
...... #.....


You could see a water moccasin.

Vanquished Creatures
  An ogre (D:4)
  8 adders
  A shadow imp (D:3)
  2 oozes
  3 worms (D:2)
  A dart slug (D:1)
  4 leopard geckos
  An orc (D:3)
  5 giant cockroaches
  8 hobgoblins
  2 kobolds (D:2)
  A quokka (D:3)
  8 bats
  4 frilled lizards
  17 goblins
  5 rats
71 creatures vanquished.

Notes
Turn   | Place    | Note
-------+----------+-------------------------------------------
     0 | D:1      | Lanoc the Formicid Fighter began the quest for the Orb.
     0 | D:1      | Reached XP level 1. HP: 18/18 MP: 1/1
    87 | D:1      | Reached XP level 2. HP: 19/24 MP: 2/2
   364 | D:1      | Reached XP level 3. HP: 29/29 MP: 3/3
   513 | D:2      | Reached skill level 1 in Dodging
   578 | D:2      | Reached XP level 4. HP: 27/35 MP: 4/4
  1438 | D:3      | Reached XP level 5. HP: 40/42 MP: 5/5
  1464 | D:3      | Found a shimmering altar of Xom.
  1465 | D:3      | Found a shimmering altar of Xom.
  1639 | D:3      | Found a shimmering altar of Xom.
  1642 | D:3      | Found a shimmering altar of Xom.
  1643 | D:3      | Found a shimmering altar of Xom.
  1643 | D:3      | Found a shimmering altar of Xom.
  2159 | D:3      | Noticed Robin
  2183 | D:3      | Noticed Sigmund
  2524 | D:4      | Found Yseemp's Armour Boutique.
  2616 | D:4      | Found Uqol's Food Emporium.
  2620 | D:4      | Found Sitint's Jewellery Emporium.
  2620 | D:4      | Noticed an ogre
  2629 | D:4      | Killed an ogre
  2629 | D:4      | Reached XP level 6. HP: 48/48 MP: 6/6
  2641 | D:4      | Found a hazy altar of Hepliaklqana.
  2747 | D:4      | Noticed a water moccasin
  2776 | D:4      | HP: 1/48 [poisoned by a water moccasin]
  2776 | D:4      | Slain by a water moccasin

Skill      XL: |  1  2  3  4  5 |
---------------+----------------+-----
Shields        | 4 |  4.6
Dodging        | 1 |  1.9
Long Blades    | 3 4 |  4.0
Armour         | 4 |  4.1
Fighting       | 4 |  4.1

Action                   |  1- 3 |  4- 6 || total
-------------------------+-------+-------++-------
Melee: Long sword        |    66 |   286 ||   352
  Use: Scroll            |       |     7 ||     7
       Potion            |       |     2 ||     2
  Eat: Chunk             |       |     6 ||     6
Armor: Scale mail        |    26 |   159 ||   185
Dodge: Dodged            |    18 |   128 ||   146
Block: Shield            |    32 |   184 ||   216
       Rpst.: Long sword |     4 |    43 ||    47
